 Dungeon Sprint DCSS version 0.28.0-53-g5a82cb258f (webtiles) character file.

Game seed: 7445532527265095555

345 Groucho the Prestidigitator (level 6, -12/53 HPs)
             Began as a Gnoll Wanderer on June 7, 2022.
             Was an Initiate of Gozag.
             Killed from afar by a gargoyle (21 damage)
             ... with a stone arrow
             ... in the Dungeon (Sprint IX: "|||||||||||||||||||||||||||||").
             The game lasted 00:02:14 (829 turns).

Groucho the Prestidigitator (Gnoll Wanderer)         Turns: 829, Time: 00:02:14

Health: -12/53     AC:  6    Str: 15    XL:     6   Next: 58%
Magic:  9/13       EV: 15    Int:  9    God:    Gozag
Gold:   0          SH:  0    Dex: 12    Spells: 14/14 levels left

rFire   . . .      SeeInvis .   n - +4 quarterstaff (speed)
rCold   . . .      Faith    .   (shield currently unavailable)
rNeg    . . .      Spirit   .   d - +0 leather armour
rPois   .          Reflect  .   (no helmet)
rElec   .          Harm     .   (no cloak)
rCorr   .          Rampage  .   a - +0 pair of gloves
Will    .....      NoTele   +   (no boots)
Stlth   ++........              (no amulet)
HPRegen 0.17/turn               s - +2 ring of protection
MPRegen 0.13/turn               t - +2 ring of evasion

@: gold aura, invisible
A: fangs 1, strong nose, distributed training
a: Renounce Religion, Potion Petition, Call Merchant, Bribe Branch


You were in the Dungeon.
You worshipped Gozag.
Gozag was noncommittal.
You visited 1 branch

Inventory:

Hand Weapons
 b - a +0 short sword
 m - a +2 morningstar of protection
 n - a +4 quarterstaff of speed (weapon)
 o - a +2 scimitar of electrocution
 p - a +3 war axe of freezing
Armour
 a - a +0 pair of gloves (worn)
 d - a +0 leather armour (worn)
 r - a +0 plate armour
Jewellery
 s - a +2 ring of protection (left hand)
 t - a +2 ring of evasion (right hand)
Wands
 l - a wand of acid (10)
Scrolls
 j - 2 scrolls of blinking
 k - 2 scrolls of amnesia
Potions
 e - 5 potions of curing
 f - a potion of heal wounds
 g - a potion of haste
 h - 4 potions of magic
Miscellaneous
 c - a piece from Xom's chessboard (15/15) (quivered)


   Skills:
 + Level 6.6 Fighting
 + Level 5.4 Short Blades
 + Level 4.7 Long Blades
 + Level 4.7 Axes
 + Level 4.7 Maces & Flails
 + Level 4.7 Polearms
 + Level 8.1 Staves
 + Level 4.7 Slings
 + Level 4.7 Bows
 + Level 4.7 Crossbows
 + Level 4.7 Throwing
 + Level 4.7 Armour
 + Level 5.4 Dodging
 + Level 4.7 Stealth
 + Level 4.7 Shields
 + Level 4.7 Unarmed Combat
 + Level 4.7 Spellcasting
 + Level 3.9 Conjurations
 + Level 3.9 Hexes
 + Level 3.9 Summonings
 + Level 3.9 Necromancy
 + Level 3.9 Translocations
 + Level 3.9 Transmutations
 + Level 3.9 Fire Magic
 + Level 3.9 Ice Magic
 + Level 3.9 Air Magic
 + Level 3.9 Earth Magic
 + Level 3.9 Poison Magic
 + Level 5.1 Invocations
 + Level 8.1 Evocations


You had 14 spell levels left.
You didn't know any spells.
Your spell library was empty.

Dungeon Overview and Level Annotations

Branches:
Dungeon (1/1)

Altars:
Cheibriados
Dithmenos
Elyvilon
Fedhas
Gozag
Hepliaklqana
Kikubaaqudgha
Makhleb
Nemelex Xobeh
Okawaru
Qazlal
Ru
Sif Muna
Trog
Uskayaw
Vehumet
Wu Jian
Xom
Yredelemnul
Zin
The Shining One
Beogh
Jiyva
Lugonu


Innate Abilities, Weirdness & Mutations

You have very sharp teeth.
Your uncanny sense of smell can sniff out nearby items.
Your experience applies equally to all skills.


Message History

Your Bows skill increases to level 4!
Your Crossbows skill increases to level 4!
Your Throwing skill increases to level 4!
Your Armour skill increases to level 4!
Your Dodging skill increases to level 5!
Your Stealth skill increases to level 4!
Your Shields skill increases to level 4!
Your Unarmed Combat skill increases to level 4!
Your Spellcasting skill increases to level 4!
Your Conjurations skill increases to level 3!
Your Hexes skill increases to level 3!
Your Summonings skill increases to level 3!
Your Necromancy skill increases to level 3!
Your Translocations skill increases to level 3!
Your Transmutations skill increases to level 3!
Your Fire Magic skill increases to level 3!
Your Ice Magic skill increases to level 3!
Your Air Magic skill increases to level 3!
Your Earth Magic skill increases to level 3!
Your Poison Magic skill increases to level 3!
Your Invocations skill gained 2 levels and is now at level 5!
Your Evocations skill increases to level 8!
You have reached level 6!
The ball python zombie is distracted by your dazzling golden aura.
The gargoyle closely misses you.
The ball python zombie is distracted by your dazzling golden aura.
You see here 243 gold pieces.
You hit the gargoyle but do no damage. Your bite misses the gargoyle.
The gargoyle is moderately damaged.
The gargoyle hurls a stone arrow at you.
The stone arrow hits you!!
* * * LOW HITPOINT WARNING * * *
You hit the gargoyle but do no damage.
The gargoyle is moderately damaged.
You hit the gargoyle but do no damage. Your bite misses the gargoyle.
The gargoyle is moderately damaged.
The gargoyle hurls a stone arrow at you.
The stone arrow hits you!!
You die...
Your body crumbles into a pile of gold.

$
▓)▓
$
▓.▓
▓.▓
$
▓.▓
▓.▓
$
▓.▓
∆
▓[▓
$ ∆
▓'▓
∆
▓@▓
$ ∆
▓9▓
$
▓o▓
$ $
▓Z▓
$
▓.▓
$ ∆
▓Z▓
∆
▓+▓
∆


You could see a gargoyle, an orc wizard and 2 ball python zombies.

Vanquished Creatures
  A troll (D)
  A howler monkey (D)
  A hound (D)
  2 iguanas (D)
  An ufetubus (D)
  A bat skeleton (D)
  An endoplasm (D)
  A giant cockroach (D)
  A hobgoblin (D)
  A bat (D)
  A frilled lizard (D)
12 creatures vanquished.

Notes
Turn   | Place    | Note
-------+----------+-------------------------------------------
     0 | D        | Groucho the Gnoll Wanderer began the quest for the Orb.
     0 | D        | Groucho set off with the following items: a +2
                  | quarterstaff, a +0 short sword, a piece from Xom's
                  | chessboard (15/15), a +0 leather armour, a potion of
                  | curing, a potion of heal wounds, a potion of haste, 2
                  | potions of magic, a potion of berserk rage, a scroll of
                  | blinking
     0 | D        | Reached XP level 1. HP: 20/20 MP: 1/1
    15 | D        | Reached skill level 1 in Invocations
    16 | D        | Reached skill level 1 in Long Blades
    16 | D        | Reached skill level 1 in Axes
    16 | D        | Reached skill level 1 in Maces & Flails
    16 | D        | Reached skill level 1 in Polearms
    16 | D        | Reached skill level 1 in Slings
    16 | D        | Reached skill level 1 in Bows
    16 | D        | Reached skill level 1 in Crossbows
    16 | D        | Reached skill level 1 in Throwing
    16 | D        | Reached skill level 1 in Armour
    16 | D        | Reached skill level 1 in Stealth
    16 | D        | Reached skill level 1 in Shields
    16 | D        | Reached skill level 1 in Unarmed Combat
    16 | D        | Reached skill level 1 in Spellcasting
   439 | D        | Noticed an iguana
   439 | D        | Noticed a hound
   439 | D        | Noticed an iguana
   442 | D        | Killed an iguana
   443 | D        | Reached skill level 1 in Conjurations
   443 | D        | Reached skill level 1 in Hexes
   443 | D        | Reached skill level 1 in Summonings
   443 | D        | Reached skill level 1 in Necromancy
   443 | D        | Reached skill level 1 in Translocations
   443 | D        | Reached skill level 1 in Transmutations
   443 | D        | Reached skill level 1 in Fire Magic
   443 | D        | Reached skill level 1 in Ice Magic
   443 | D        | Reached skill level 1 in Air Magic
   443 | D        | Reached skill level 1 in Earth Magic
   443 | D        | Reached skill level 1 in Poison Magic
   443 | D        | Reached XP level 2. HP: 26/26 MP: 2/4
   443 | D        | Reached XP level 3. HP: 32/32 MP: 2/5
   446 | D        | Reached skill level 5 in Fighting
   446 | D        | Reached XP level 4. HP: 39/39 MP: 2/7
   697 | D        | Found a snail-covered altar of Cheibriados.
   697 | D        | Found a shadowy altar of Dithmenos.
   697 | D        | Found a white marble altar of Elyvilon.
   697 | D        | Found a blossoming altar of Fedhas.
   697 | D        | Found an opulent altar of Gozag.
   698 | D        | Found a hazy altar of Hepliaklqana.
   699 | D        | Found a viscous altar of Jiyva.
   700 | D        | Found an ancient bone altar of Kikubaaqudgha.
   701 | D        | Found a corrupted altar of Lugonu.
   702 | D        | Found a burning altar of Makhleb.
   703 | D        | Found a sparkling altar of Nemelex Xobeh.
   704 | D        | Found an iron altar of Okawaru.
   705 | D        | Found a stormy altar of Qazlal.
   706 | D        | Found a sacrificial altar of Ru.
   707 | D        | Found a shimmering blue altar of Sif Muna.
   708 | D        | Found a bloodstained altar of Trog.
   709 | D        | Found a hide-covered altar of Uskayaw.
   710 | D        | Found a radiant altar of Vehumet.
   711 | D        | Found an ornate altar of the Wu Jian Council.
   712 | D        | Found a shimmering altar of Xom.
   713 | D        | Found a basalt altar of Yredelemnul.
   714 | D        | Found a glowing silver altar of Zin.
   715 | D        | Found a glowing golden altar of the Shining One.
   747 | D        | Became a worshipper of Gozag Ym Sagoz the Greedy
   803 | D        | Noticed a troll
   803 | D        | Noticed a gargoyle
   814 | D        | Reached XP level 5. HP: 42/46 MP: 9/9
   820 | D        | HP: 2/46 [troll (8)]
   825 | D        | Killed a troll
   826 | D        | Reached skill level 5 in Short Blades
   826 | D        | Reached skill level 5 in Dodging
   826 | D        | Reached skill level 5 in Invocations
   826 | D        | Reached XP level 6. HP: 27/53 MP: 9/13
   829 | D        | Killed from afar by a gargoyle

Illustrated notes

Levels and vault maps discovered:
D:        linesprint [early_d, line_temple, items_1, d_10, items_2, lair_1,
          lair_end, items_3, orc_1, orc_end, items_4, d_15, swamp_1, shoals_1,
          snake_1, spider_1, d_20, vaults_1, items_5, swamp_end, shoals_end,
          snake_end, spider_end, vaults_end, d_27, items_6, zot_1, zot_end,
          crypt_end, forest_end, elf_end, slime_end, tomb_end, abyss_end,
          pan_hell_end]

Skill      XL: |  1  2  3  4  5 |
---------------+----------------+-----
Invocations    | 2 3 5 |  5.1
Long Blades    | 1 2 3 4 |  4.7
Axes           | 1 2 3 4 |  4.7
Maces & Flails | 1 2 3 4 |  4.7
Polearms       | 1 2 3 4 |  4.7
Slings         | 1 2 3 4 |  4.7
Bows           | 1 2 3 4 |  4.7
Crossbows      | 1 2 3 4 |  4.7
Throwing       | 1 2 3 4 |  4.7
Armour         | 1 2 3 4 |  4.7
Stealth        | 1 2 3 4 |  4.7
Shields        | 1 2 3 4 |  4.7
Unarmed Combat | 1 2 3 4 |  4.7
Spellcasting   | 1 2 3 4 |  4.7
Short Blades   | 3 4 5 |  5.4
Dodging        | 3 4 5 |  5.4
Conjurations   | 1 2 3 |  3.9
Hexes          | 1 2 3 |  3.9
Summonings     | 1 2 3 |  3.9
Necromancy     | 1 2 3 |  3.9
Translocations | 1 2 3 |  3.9
Transmutations | 1 2 3 |  3.9
Fire Magic     | 1 2 3 |  3.9
Ice Magic      | 1 2 3 |  3.9
Air Magic      | 1 2 3 |  3.9
Earth Magic    | 1 2 3 |  3.9
Poison Magic   | 1 2 3 |  3.9
Fighting       | 5 6 |  6.6
Staves         | 7 8 |  8.1
Evocations     | 7 8 |  8.1

Action                   |  1- 3 |  4- 6 || total
-------------------------+-------+-------++-------
Melee: Quarterstaff      |    16 |    28 ||    44
       Bite              |     3 |     1 ||     4
  Use: Potion            |     1 |     3 ||     4
 Stab: Sleeping          |       |     1 ||     1
       Invisible         |       |     3 ||     3
Armor: Leather armour    |     3 |     6 ||     9
Dodge: Dodged            |     8 |    17 ||    25
